Map: Lerilak Crest

Players

Lakuda

  • Race: Protoss Protoss
  • League: Gold

Javert - Winner!

  • Race: Zerg Zerg
  • League: Grandmaster

VOD

Have the link to the VOD?

Description

Time

  • Played on: Aug. 27, 2015, 7:46 p.m.
  • Length: 21:15
Show
View Real Time Build Order
Export as new Build Order

Lakuda Protoss 

Build Orders: 1 Gate Expand 

Get SALT Encoding   

  12  0:01  Probe  
  13  0:13  Probe  
  14  0:20  Pylon  
  14  0:26  Probe  
  15  0:39  Probe  
  16  0:45  Gateway  
  16  0:51  Probe  
  17  1:03  Probe  
  18  1:15  Probe  
  19  1:26  Nexus  
  19  1:27  Pylon  
  19  1:35  Probe  
  19  1:38  Cybernetics Core  
  20  1:43  Assimilator  
  20  1:54  Probe  
  20  1:56  Assimilator  
  20  1:58  Zealot  
  23  2:15  Warp Gate  
  23  2:19  Probe  
  24  2:24  Gateway  
  24  2:26  Gateway  
  24  2:29  Adept  
  26  2:34  Probe  
  27  2:45  Probe  
  27  2:50  Probe  
  30  3:01  Adept  
  30  3:02  Probe  
  30  3:03  Mothership Core  
  34  3:14  Probe  
  34  3:19  Adept  
  36  3:20  Adept  
  36  3:24  Probe  
  36  3:26  Probe  
  40  3:28  Adept  
  42  3:38  Probe x2  
  44  3:42  Pylon  
  44  3:45  Pylon  
  44  3:53  Adept  
  46  4:00  Adept  
  40  4:34  Probe  
  40  4:35  Probe  
  42  4:46  Probe  
  42  4:47  Probe  
  42  4:48  Stalker x3  
  50  4:56  Forge  
  50  4:58  Twilight Council, Probe  
  50  4:59  Probe  
  52  5:00  Pylon  
  52  5:02  Assimilator  
  52  5:06  Assimilator  
  52  5:11  Probe x2  
  52  5:13  Sentry x3  
  60  5:23  Probe x2  
  60  5:24  Pylon  
  62  5:32  Protoss Ground Weapons Level 1  
  62  5:35  Probe x2  
  64  5:43  Zealot x2  
  64  5:44  Zealot  
  64  5:47  Probe x2  
  72  6:00  Pylon  
  72  6:02  Robotics Facility  
  72  6:03  Photon Cannon  
  72  6:05  Photon Cannon  
  72  6:11  Sentry  
  72  6:12  Sentry x2  
  72  6:17  Shield Upgrade  
  60  6:55  Stalker  
  60  6:56  Stalker x2  
  60  6:58  Immortal  
  64  7:27  Sentry  
  64  7:28  Sentry x2  
  68  7:31  Probe  
  68  7:33  Mothership Core  
  68  7:36  Blink  
  65  7:41  Warp Prism  
  67  7:48  Pylon  
  67  7:50  Gateway x2  
  67  7:51  Gateway  
  67  7:54  Protoss Ground Weapons Level 2  
  67  7:55  Pylon, Zealot x3  
  65  8:25  Stalker x3  
  71  8:27  Probe x2  
  71  8:33  Immortal  
  77  8:39  Probe  
  78  8:47  Nexus  
  78  8:52  Assimilator  
  78  8:53  Stalker x2  
  78  8:54  Stalker  
  84  8:56  Zealot x3, Assimilator  
  84  8:59  Pylon  
  84  9:00  Pylon  
  90  9:05  Robotics Bay  
  90  9:06  Pylon  
  90  9:12  Photon Cannon  
  90  9:14  Photon Cannon  
  88  9:25  Zealot  
  88  9:30  Immortal  
  94  9:32  Stalker x3  
  100  9:58  Zealot x3  
  92  10:01  Stalker x3  
  96  10:08  Probe x2  
  96  10:09  Probe, Observer  
  96  10:20  Probe  
  93  10:24  Charge  
  93  10:25  Protoss Ground Weapons Level 3  
  93  10:28  Sentry x4  
  99  10:30  Probe  
  99  10:31  Probe  
  85  11:03  Stalker x2  
  85  11:04  Stalker x4  
  79  11:10  Disruptor  
  78  11:20  Probe x2  
  80  11:27  Adept x5  
  80  11:28  Adept  
  92  11:33  Pylon  
  92  11:36  Photon Cannon  
  92  11:38  Photon Cannon  
  92  11:39  Photon Cannon  
  92  11:41  Photon Cannon  
  92  11:46  Disruptor  
  95  12:00  Adept x4  
  95  12:01  Adept x2  
  107  12:15  Mothership Core  
  109  12:21  Disruptor  
  112  12:32  Stalker x3  
  112  12:33  Adept x3  
  125  12:51  Probe x2  
  125  12:56  Gateway  
  126  12:59  Gateway  
  126  13:01  Gateway  
  126  13:02  Disruptor, Photon Cannon  
  126  13:04  Pylon  
  129  13:07  Sentry x3  
  129  13:08  Sentry x2  
  83  13:42  Stalker x6  
  89  14:02  Disruptor  
  90  14:18  Stalker x5  
  90  14:23  Nexus  
  92  14:26  Pylon x2  
  92  14:32  Sentry x4  
  92  14:36  Protoss Ground Armor Level 1  
  82  14:57  Stalker x2  
  82  14:58  Stalker x5  
  94  15:00  Sentry  
  83  15:33  Disruptor  
  82  15:42  Stalker  
  82  15:43  Stalker x6  
  96  15:56  Assimilator  
  96  15:59  Photon Cannon  
  96  16:01  Photon Cannon  
  96  16:03  Assimilator  
  94  16:23  Disruptor  
  93  16:50  Stalker x2  
  93  16:51  Stalker x6  
  93  16:52  Stalker  
  111  16:58  Disruptor  
  114  17:02  Protoss Ground Armor Level 2  
  114  17:08  Nexus  
  114  17:35  Zealot x5  
  114  17:36  Zealot x4  
  76  18:00  Observer  
  76  18:04  Stalker  
  76  18:05  Stalker x6  
  78  18:06  Stalker  
  75  18:19  Assimilator  
  60  18:32  Disruptor  
  63  18:43  Stalker x3  
  63  18:45  Zealot  
  63  18:46  Zealot x4  
  76  18:55  Probe x2  
  76  18:56  Probe  
  78  19:07  Zealot x3  
  78  19:08  Pylon  
Show
View Real Time Build Order
Export as new Build Order

Javert Zerg - Winner!

Build Orders: Hatch First, Lurkers 

Get SALT Encoding   

  12  0:01  Drone  
  13  0:16  Overlord  
  13  0:19  Drone  
  14  0:34  Drone x2  
  16  0:39  Drone  
  17  0:57  Hatchery  
  17  1:00  Drone  
  17  1:03  Extractor  
  16  1:04  Drone  
  17  1:25  Spawning Pool  
  16  1:27  Drone x2  
  18  1:35  Drone  
  19  1:44  Drone  
  20  2:00  Drone  
  21  2:08  Overlord  
  21  2:14  Metabolic Boost  
  21  2:15  Queen  
  23  2:16  Queen  
  23  2:21  Overlord  
  25  2:24  Zergling x2  
  25  2:27  Drone  
  25  2:28  Drone  
  28  2:35  Drone  
  29  2:45  Drone x2  
  29  2:48  Overlord  
  31  2:59  Drone  
  32  3:07  Queen x2  
  32  3:09  Drone x2  
  32  3:10  Drone  
  39  3:16  Drone  
  40  3:31  Hatchery, Zergling x4  
  40  3:35  Zergling x4  
  42  3:44  Zergling x2  
  42  3:45  Zergling x6  
  46  4:03  Drone x2  
  46  4:04  Drone x3  
  46  4:09  Drone  
  49  4:18  Drone x2  
  49  4:26  Drone x2  
  49  4:28  Extractor  
  49  4:30  Lair, Extractor  
  49  4:31  Drone x2  
  49  4:32  Roach Warren  
  47  4:51  Drone x5  
  52  5:01  Overlord  
  52  5:02  Overlord  
  52  5:07  Extractor  
  52  5:08  Evolution Chamber, Zergling x2  
  52  5:09  Zergling x6  
  54  5:17  Roach  
  56  5:22  Drone  
  56  5:26  Drone  
  58  5:29  Evolution Chamber  
  58  5:33  Hatchery  
  58  5:34  Roach x5  
  58  5:35  Glial Reconstitution  
  66  5:38  Overseer  
  66  5:43  Overlord  
  66  5:54  Drone x2  
  68  5:59  Overlord x2  
  68  6:01  Zerg Missile Weapons Level 1, Zerg Ground Armor Level 1  
  68  6:11  Roach x2  
  68  6:12  Roach  
  68  6:14  Overlord  
  64  6:46  Roach  
  64  6:47  Roach x5  
  64  6:54  Spine Crawler, Queen  
  64  6:55  Roach  
  64  6:59  Roach x8  
  79  7:06  Drone x2  
  79  7:07  Drone  
  81  7:14  Zergling x4  
  83  7:21  Drone  
  83  7:22  Drone x2  
  84  7:34  Overlord x2  
  84  7:36  Drone x3  
  87  7:44  Hydralisk Den, Queen x2  
  87  7:46  Drone x5  
  87  7:47  Drone  
  87  7:50  Drone  
  97  8:01  Drone x6  
  101  8:17  Hydralisk x3  
  101  8:18  Hydralisk x4  
  113  8:21  Overlord  
  113  8:27  Extractor  
  112  8:28  Drone x2, Zerg Ground Armor Level 2, Zerg Missile Weapons Level 2, Extractor  
  113  8:36  Muscular Augments  
  113  8:37  Hydralisk x3  
  119  8:46  Overlord  
  119  8:47  Overlord  
  119  8:48  Spine Crawler  
  119  8:49  Overseer x2  
  119  8:52  Roach x3  
  124  8:58  Spine Crawler  
  124  8:59  Spine Crawler  
  124  9:01  Spore Crawler  
  124  9:02  Overlord x2  
  121  9:05  Roach  
  121  9:06  Roach x4  
  121  9:08  Overseer  
  131  9:14  Overlord  
  125  9:27  Overlord  
  125  9:34  Hydralisk  
  125  9:35  Hydralisk x7  
  141  9:48  Ravager  
  140  9:54  Hatchery  
  120  10:26  Hydralisk x2  
  120  10:27  Hydralisk x10  
  144  10:31  Drone x3  
  144  10:38  Overseer  
  97  11:05  Roach x6  
  97  11:06  Roach x4  
  97  11:10  Lurker Den  
  109  11:14  Queen  
  109  11:27  Drone x3  
  109  11:28  Drone  
  109  11:30  Infestation Pit  
  112  11:43  Extractor  
  112  11:44  Extractor  
  110  11:48  Roach x3  
  110  11:50  Hatchery  
  110  11:51  Drone  
  116  11:56  Overlord  
  116  12:04  Queen  
  116  12:06  Drone x2  
  116  12:07  Drone x3  
  123  12:32  Drone x6  
  129  12:37  Lurker  
  129  12:38  Lurker x10  
  140  12:46  Roach x2  
  144  12:53  Hydralisk x2  
  148  13:02  Hydralisk x3  
  105  13:40  Hydralisk  
  105  13:41  Hydralisk x11  
  109  14:01  Hydralisk  
  109  14:02  Hydralisk x5  
  115  14:12  Roach  
  115  14:13  Roach x2  
  115  14:15  Overseer  
  119  14:26  Hive  
  119  14:28  Roach  
  119  14:29  Roach x4  
  129  14:33  Extractor  
  129  14:36  Extractor  
  109  14:50  Roach  
  109  14:51  Roach x10  
  113  14:58  Spine Crawler  
  112  15:00  Hydralisk  
  112  15:02  Spine Crawler  
  113  15:08  Hydralisk  
  113  15:09  Hydralisk x2  
  117  15:16  Hydralisk x2  
  99  15:33  Roach x7  
  108  15:48  Hydralisk x5  
  118  15:53  Overlord  
  118  15:55  Drone x3  
  121  16:04  Hydralisk x2  
  121  16:05  Hydralisk  
  121  16:10  Overseer  
  115  16:23  Hydralisk  
  115  16:24  Hydralisk x3  
  119  16:32  Ultralisk Cavern  
  111  16:37  Hydralisk  
  111  16:38  Hydralisk x2  
  101  16:42  Spine Crawler  
  101  16:47  Roach x4  
  101  16:52  Spine Crawler  
  106  16:55  Zergling x4  
  106  16:56  Zergling x4  
  110  17:14  Roach  
  110  17:15  Roach x7  
  125  17:18  Lurker  
  125  17:19  Lurker x2  
  125  17:23  Roach  
  125  17:24  Roach  
  87  18:00  Roach  
  87  18:01  Roach x14  
  109  18:21  Hydralisk  
  109  18:22  Hydralisk x6  
  123  18:35  Hydralisk x4  
  131  18:46  Ravager  
  131  18:47  Ravager x9  
  139  19:17  Hydralisk  
  139  19:18  Hydralisk x6  
  135  19:37  Roach x9  
  135  20:03  Hatchery, Extractor  
  135  20:21  Drone x2  
  135  20:27  Baneling Nest, Spine Crawler  
  135  20:28  Spine Crawler  
  135  20:29  Spine Crawler  
  135  20:30  Drone x3  
  135  20:45  Overlord x3  
  135  20:46  Overlord x2  
Tags
 
Add a new tag
Caveats
  • Supply blocks, unpowered buildings, or Contaminate may cause inaccurate times.
  • Supply counts are checked every 10 seconds.